 Dungeon Crawl Stone Soup version 0.18.1-50-g88ac8fd (webtiles) character file.

187 Nordron the Changer (level 5, -6/33 HPs)
             Began as an Octopode Transmuter on Oct 3, 2016.
             Killed from afar by Sigmund (11 damage)
             ... with a wand of flame
             ... on level 3 of the Dungeon.
             The game lasted 00:06:51 (2852 turns).

Nordron the Changer (Octopode Transmuter)           Turns: 2852, Time: 00:06:52

Health: -6/33      AC:  6    Str:  9    XL:     5   Next: 66%
Magic:  8/8        EV: 12    Int: 16    God:
Gold:   99         SH:  0    Dex: 13    Spells: 1 memorised, 7 levels left

rFire  . . .     SeeInvis .     l - +2 mace (protect)
rCold  . . .     Gourm    .     (no shield)
rNeg   . . .     Faith    .     (helmet restricted)
rPois  .         Spirit   .     (no amulet)
rElec  .         Dismiss  .     (no ring)
rCorr  .         Reflect  .     (no ring)
SustAt .         Harm     .     (no ring)
MR     .....                    (no ring)
Stlth  ++........               (no ring)
                                (no ring)
                                (no ring)
                                (no ring)

@: appendage, not resistant to hostile enchantments, unstealthy
A: almost no armour, amphibious, 8 rings, constrict 8, tentacle spike 3,
camouflage 1, gelatinous body 1
a: End Transformation


You were on level 3 of the Dungeon.
You were not hungry.
One of your tentacles had a temporary spike.
You visited 1 branch of the dungeon, and saw 3 of its levels.

You collected 99 gold pieces.

Inventory:

Hand Weapons
 l - a +2 mace of protection (weapon)
 p - a +6 club
Missiles
 a - 37 arrows
Scrolls
 e - 3 scrolls of remove curse {unknown}
 f - 3 scrolls of identify {unknown}
 g - a scroll of blinking {unknown}
 k - a scroll of magic mapping {unknown}
Potions
 h - 2 potions of curing {unknown}
 i - a potion of resistance {unknown}
 n - a potion of flight {unknown}
 o - a potion of might {unknown}
Books
 b - a book of Changes

   Spells                             Type                      Level
   a - Beastly Appendage              Transmutation                1
   b - Sticks to Snakes               Transmutation                2
   c - Spider Form                    Transmutation/Poison         3
   d - Ice Form                       Ice/Transmutation            4
   e - Blade Hands                    Transmutation                5
Comestibles
 c - 2 bread rations
 d - a meat ration
 j - a slice of pizza
 m - 12 chunks of flesh


   Skills:
 - Level 1.0 Fighting
 - Level 2.0 Dodging
 - Level 3.0 Unarmed Combat
 - Level 2.0 Spellcasting
 * Level 5.7 Transmutations


You had 7 spell levels left.
You knew the following spells:

 Your Spells              Type           Power        Failure   Level  Hunger
a - Beastly Appendage     Trmt           ###...       1%          1    #......


Dungeon Overview and Level Annotations

Branches:
Dungeon (3/15)

Altars:
Makhleb

Annotations:
D:3 Sigmund


Innate Abilities, Weirdness & Mutations

You cannot wear most types of armour.
You are amphibious.
You can wear up to eight rings at the same time.
You can use your tentacles to constrict eight enemies at once.
Your skin changes colour to match your surroundings (Stealth).
Your rubbery body absorbs attacks (AC +1).
One of your tentacles bears a large vicious spike.


Message History

You hit the orc.
You kill the orc!
You hit the orc. You grab the orc.
You pierce the orc, but do no damage.
The orc is almost dead.
You constrict the orc.
You kill the orc!
Sigmund shouts!
Sigmund misses you. Sigmund hits you with a scythe!
You closely miss Sigmund. Your grab misses Sigmund.
Your tentacle spike misses Sigmund.
Sigmund closely misses you.
You closely miss Sigmund. You grab Sigmund.
You constrict Sigmund, but do no damage.
You barely miss Sigmund.
You pierce Sigmund, but do no damage.
You constrict Sigmund. Sigmund hits you with a scythe.
* * * LOW HITPOINT WARNING * * *
You sock Sigmund!
Sigmund is moderately wounded.
You constrict Sigmund.
Sigmund zaps a wand.
The puff of flame hits you!
You die...

#.# #+# #.# #.# #.#
#.# #.# ##.## #.#
######...## #)#
##)........# #.#
#.###.#....#
#.####.###.##.#.####
#..@@....#.##.......
#######.........####
###########


You could see Sigmund.

Vanquished Creatures
  An orc priest (D:3)
  Jessica (D:3)
  An orc wizard (D:3)
  2 adders
  2 worms
  2 dart slugs
  3 giant geckos
  13 orcs (D:3)
  A ball python (D:3)
  2 giant cockroaches (D:1)
  5 goblins
  3 hobgoblins (D:2)
  7 jackals (D:2)
  8 bats
  3 kobolds
  11 rats
65 creatures vanquished.

Notes
Turn   | Place    | Note
--------------------------------------------------------------
     0 | D:1      | Nordron the Octopode Transmuter began the quest for the Orb.
     0 | D:1      | Reached XP level 1. HP: 13/13 MP: 3/3
   194 | D:1      | Reached XP level 2. HP: 12/18 MP: 3/5
   754 | D:1      | Reached skill level 3 in Transmutations
  1289 | D:2      | Reached XP level 3. HP: 23/23 MP: 6/6
  1291 | D:2      | Found a burning altar of Makhleb.
  1291 | D:2      | Noticed a cacodemon
  1876 | D:2      | Reached skill level 4 in Transmutations
  1876 | D:2      | Reached XP level 4. HP: 21/28 MP: 5/7
  2222 | D:3      | Reached skill level 5 in Transmutations
  2222 | D:3      | Reached XP level 5. HP: 12/33 MP: 8/8
  2522 | D:3      | Noticed Jessica
  2525 | D:3      | Killed Jessica
  2799 | D:3      | Noticed Sigmund
  2852 | D:3      | Killed from afar by Sigmund

Skill      XL: |  1  2  3  4 |
---------------+-------------+-----
Transmutations | 3 4 5 |  5.7
Fighting       | |  1.0
Dodging        | |  2.0
Unarmed Combat | |  3.0
Spellcasting   | |  2.0

Action                   |  1- 3 |  4- 6 || total
-------------------------+-------+-------++-------
Melee: Unarmed           |    53 |       ||    53
       Kick              |    21 |    15 ||    36
       Constrict         |    21 |    17 ||    38
       Tentacles         |    16 |    14 ||    30
       Punch             |     1 |     1 ||     2
       Spear             |    28 |    38 ||    66
       Mace              |       |    23 ||    23
       Club              |       |    10 ||    10
 Cast: Beastly Appendage |    20 |    13 ||    33
 Stab: Sleeping          |     9 |     4 ||    13
  Eat: Chunk             |     3 |     4 ||     7
Armor: Skin              |     8 |     5 ||    13
Dodge: Dodged            |    45 |    25 ||    70
